AoeStats
← OM | Kerry Copyto

Nomad

509822449Analyzed
4v4 RM · 4d ago on Sep 28, 2026· 54m 28s· 8 players
Game mode
Random Map
Map size
231×231
Population
200
Speed
Normal
Resources
Standard
Victory
Conquest
Starting age
Dark Age
Ending age
Imperial Age
RankedLock teamsTeams togetherTeam positionsShared explorationLock speedFull tech treeHidden civsTurbo modeCheats
Victory
Defeat
🇲🇽 Slavs · Mexico
1511
+11
🇲🇽 Spanish · Mexico
1504
+12
🇲🇽 Vietnamese · Mexico
1386
+16
🇹🇼 Saxons · Taiwan
1379
+16
🇲🇽 Italians · Mexico
1437
-15
🇺🇸 Varangians · United States
1407
-14
🇮🇹 Danes · Italy
1386
-13
🇨🇦 Spanish · Canada
1385
-13
meh
4:52 Loom
14:09 Feudal Age
20:09 Castle Age
18:48 Double-Bit Axe
20:10 Fletching
21:37 Bodkin Arrow
28:32 Wheelbarrow
28:21 Fishing Lines
29:34 Gillnets
32:01 Bow Saw
33:49 Bodkin Arrow
37:04 Medium Warships
54:29 Imperial Age
52:58 Bloodlines
52:49 Husbandry
53:29 Squires
53:15 Gambesons
53:16 Arson
53:41 Light Cavalry
CSA_HW_Mercer
5:34 Loom
12:58 Feudal Age
17:08 Castle Age
17:06 Double-Bit Axe
19:06 Fletching
19:21 Gold Mining
19:14 Horse Collar
27:46 Heavy Plow
29:10 Padded Archer Armor
29:40 Town Watch
30:42 Stone Mining
32:39 Leather Archer Armor
34:04 Wheelbarrow
33:54 Ballistics
37:06 Imperial Age
36:21 Hand Cart
36:03 Bodkin Arrow
37:17 Scale Barding Armor
37:44 Bloodlines
38:13 Conscription
37:56 Cavalier
40:39 Forging
42:51 Chemistry
46:36 Ring Archer Armor
47:50 Hoardings
47:55 Bow Saw
47:13 Elite Skirmisher
51:26 Capped Ram
52:38 Siege Ram
GdR_Charizard
4:22 Loom
4:45 Loom
13:14 Feudal Age
17:57 Castle Age
17:54 Double-Bit Axe
18:46 Fishing Lines
19:33 Scale Mail Armor
20:57 Chain Mail Armor
21:15 Bow Saw
23:22 Gillnets
29:11 Wheelbarrow
29:47 Fletching
30:12 Horse Collar
31:34 Heavy Plow
32:38 Hamask
33:32 Gold Mining
34:46 Hand Cart
36:11 Forging
35:57 Bodkin Arrow
39:49 Imperial Age
37:55 Squires
37:41 Arson
38:27 Ballistics
38:18 Masonry
39:09 Gold Shaft Mining
38:28 Stone Mining
40:03 Iron Casting
39:22 Town Watch
40:20 Stone Shaft Mining
41:17 Conscription
41:59 Chemistry
41:06 Siege Engineers
42:04 Chemistry
41:39 Plate Mail Armor
42:10 Blast Furnace
42:10 Northmen's Fury
43:37 Heavy Scorpion
44:27 Elite Jomsviking
46:14 Hoardings
45:42 Bracer
45:40 Murder Holes
47:42 Padded Archer Armor
48:21 Man-at-Arms
48:46 Gambesons
[DH]ElReyDavid
5:48 Loom
13:21 Feudal Age
19:25 Castle Age
17:43 Stone Mining
19:14 Fletching
26:21 Bodkin Arrow
29:56 Fishing Lines
30:34 Gold Mining
32:26 Stone Shaft Mining
32:45 Double-Bit Axe
33:30 Ballistics
36:32 Horse Collar
37:03 Bow Saw
38:12 Wheelbarrow
38:09 Padded Archer Armor
41:20 Imperial Age
40:19 Leather Archer Armor
42:12 Hand Cart
43:08 Chemistry
42:37 Bracer
43:50 Two-Man Saw
49:27 Ring Archer Armor
50:53 Thumb Ring
52:29 Conscription
OM | Kerry Copyto
9:07 Loom
15:27 Feudal Age
16:10 Double-Bit Axe
17:13 Fletching
17:23 Padded Archer Armor
26:06 Castle Age
27:10 Bodkin Arrow
26:38 Crossbowman
27:35 Bow Saw
28:47 Leather Archer Armor
30:48 Wheelbarrow
29:59 Town Watch
31:33 Ballistics
34:02 Wheelbarrow
33:28 Town Patrol
36:03 Thumb Ring
35:50 Elite Skirmisher
41:21 Imperial Age
39:06 Hand Cart
41:33 Scale Barding Armor
41:38 Forging
41:20 Horse Collar
42:05 Bracer
43:10 Chemistry
43:28 Ring Archer Armor
42:40 Arbalester
45:05 Scale Barding Armor
45:10 Forging
45:04 Husbandry
44:24 Light Cavalry
46:04 Bloodlines
46:15 Chain Barding Armor
47:52 Two-Man Saw
46:55 Heavy Plow
46:47 Gold Mining
46:47 Stone Mining
49:37 Plate Barding Armor
54:11 Paper Money
OM | SISKO PRO
5:39 Loom
14:37 Feudal Age
18:53 Castle Age
18:02 Double-Bit Axe
18:08 Stone Mining
19:53 Bow Saw
20:26 Fletching
21:08 Bodkin Arrow
30:39 Wheelbarrow
29:52 Town Watch
35:58 Hand Cart
37:51 Husbandry
38:05 Padded Archer Armor
38:48 Bloodlines
40:21 Gold Mining
40:12 Horse Collar
44:31 Imperial Age
43:48 Masonry
44:55 Leather Archer Armor
45:36 Cavalier
45:48 Elite Conquistador
46:49 Conscription
48:58 Chemistry
49:35 Bracer
50:06 Ring Archer Armor
51:02 Architecture
53:18 Town Patrol
53:57 Forging
53:53 Scale Barding Armor
54:28 Ballistics
OM | Romeo D. Sins
2:57 Loom
12:52 Feudal Age
13:30 Double-Bit Axe
13:25 Man-at-Arms
15:22 Fletching
19:00 Horse Collar
22:36 Castle Age
22:58 Scale Mail Armor
23:08 Forging
23:36 Bow Saw
22:49 Long Swordsman
25:20 Iron Casting
24:49 Squires
25:47 Chain Mail Armor
31:42 Heavy Plow
35:03 Wheelbarrow
40:18 Imperial Age
39:08 Pikeman
41:42 Plate Mail Armor
40:33 Two-Handed Swordsman
42:15 Blast Furnace
40:37 Capped Ram
41:20 Gold Mining
41:20 Stone Mining
41:48 Hand Cart
41:23 Champion
43:17 Conscription
43:33 Town Watch
43:48 Halberdier
45:20 Druzhina
47:00 Gold Shaft Mining
46:26 Town Patrol
48:04 Siege Ram
55:06 Scale Barding Armor
54:56 Bodkin Arrow
55:02 Padded Archer Armor
牛拉松
4:48 Loom
12:51 Feudal Age
16:26 Gold Mining
19:27 Castle Age
17:21 Stone Mining
17:23 Fishing Lines
19:59 Double-Bit Axe
21:15 Bow Saw
22:05 Medium Warships
23:26 Gold Shaft Mining
23:10 Gillnets
28:20 Ballistics
29:23 Guard Tower
30:29 Fletching
31:15 Treadmill Crane
31:32 Bodkin Arrow
32:33 Horse Collar
36:22 Imperial Age
34:21 Squires
34:07 Arson
35:15 Padded Archer Armor
35:16 Scale Mail Armor
35:26 Forging
35:56 Man-at-Arms
36:21 Gambesons
37:43 Wheelbarrow
36:54 Town Watch
37:25 Chain Mail Armor
37:12 Bracer
38:15 Chemistry
37:00 Arrowslits
38:23 Masonry
38:46 Fortified Wall
38:06 Long Swordsman
39:21 Heavy Plow
39:07 Two-Handed Swordsman
40:44 Keep
40:57 Plate Mail Armor
41:18 Hand Cart
42:48 Iron Casting
43:11 Padded Archer Armor
43:19 Siege Engineers
43:45 Architecture
44:23 Elite Skirmisher
45:09 Thumb Ring
45:20 Leather Archer Armor
45:20 Champion
46:24 Conscription
48:14 Two-Man Saw
48:20 Ring Archer Armor
49:03 Murder Holes
48:52 Shield Wall
50:08 Hoardings
51:44 Scale Barding Armor
54:00 Siphons
54:18 Shipwright
Connection lost

Rejoining the realm…

Still unreachable

The connection could not be restored.

Session expired

The server has moved on; the page needs a fresh start.